cohdb
Replays
Latest Replays
All Replays
Popular Replays
Top Player Replays
Match Explorer
How It Works
Community
CoH3 Stats
Reddit
Sign in to upload your games and track your stats! →
Sign in with Steam
Match 45186168
Unlisted
Match 45186168
Overview
Messages
Build Orders
End
Kradschützen Motorcycle Team
Selects Panzerjäger Kommand Battlegroup
Selects Mine Fields
Panzergrenadier Squad
Panzergrenadier Squad
Construct Light Support Kompanie
Panzerjäger Squad
Assault Grenadier Squad
2.5-tonne Medical Truck
Selects Tank Busters
Fire Support Elements
Selects Crew Shock Tactics
Flakvierling Half-track
Theodosios
Wolfe
0
0
Comments
sign in to comment!
No comments posted yet!